Map: Frostline LE

Players

wootwoot - Winner!

  • Race: Zerg Zerg
  • League: Diamond
  • Spawn Location: 7:00

Obshort

  • Race: Zerg Zerg
  • League: Diamond
  • Spawn Location: 1:00

VOD

Have the link to the VOD?

Description

Time

  • Played on: April 22, 2025, 7:38 a.m.
  • Length: 2:08
Show
View Real Time Build Order
Export as new Build Order

wootwoot Zerg - Winner!

Build Orders: Hatch First 

Get SALT Encoding   

  12  0:00  Drone  
  13  0:08  Drone  
  14  0:14  Extractor  
  14  0:15  Drone  
  15  0:36  Hatchery  
  15  0:39  Extractor  
  13  0:52  Spawning Pool  
  13  0:56  Drone  
  13  1:01  Drone  
  14  1:11  Overlord  
  13  1:38  Zergling x6  
  17  1:51  Zergling x2  
Show
View Real Time Build Order
Export as new Build Order

Obshort Zerg 

Build Orders:  

Get SALT Encoding   

  12  0:00  Drone  
  13  0:12  Drone  
  14  0:16  Extractor  
  14  0:18  Drone, Extractor  
  13  0:22  Drone  
  16  0:33  Extractor  
Tags
 
Matchup
ZvZ
Race
Zerg
Replay Pack
#1B2M-Replays
Spawn Locations
Cross Positions
Add a new tag
Caveats
  • Supply blocks, unpowered buildings, or Contaminate may cause inaccurate times.
  • Supply counts are checked every 10 seconds.